AoeStats
← PerfectNexus

Fortress

507881496Analyzed
3v3 RM · 11d ago on Sep 20, 2026· 66m 22s· 6 players
Game mode
Random Map
Map size
Large (8 player)
Population
200
Speed
Normal
Resources
Standard
Victory
Conquest
Starting age
Dark Age
Ending age
Imperial Age
RankedLock teamsTeams togetherTeam positionsShared explorationLock speedFull tech treeHidden civsTurbo modeCheats
Victory
Defeat
🇹🇼 Huns · Taiwan
1103
+13
🇮🇳 Burgundians · India
921
+20
🇰🇷 Turks · South Korea
905
+21
🇩🇪 Slavs · Germany
1120
-23
🇲🇽 Italians · Mexico
998
-17
🇨🇳 Spanish · China
933
-14
PerfectNexus
7:57 Feudal Age
8:50 Double-Bit Axe
9:04 Gold Mining
8:59 Horse Collar
10:03 Wheelbarrow
12:49 Loom
15:59 Castle Age
14:04 Fletching
14:28 Forging
14:51 Padded Archer Armor
16:06 Wheelbarrow
17:33 Bodkin Arrow
17:52 Bow Saw
19:51 Forging
22:29 Stone Mining
23:18 Iron Casting
26:16 Imperial Age
24:29 Fortified Wall
26:10 Heavy Plow
26:28 Scale Mail Armor
26:26 Elite Genoese Crossbowman
27:30 Chain Mail Armor
27:57 Leather Archer Armor
28:58 Hand Cart
30:35 Blast Furnace
30:12 Squires
31:38 Chemistry
31:53 Plate Mail Armor
35:09 Thumb Ring
35:59 Conscription
36:55 Bracer
37:42 Ballistics
43:06 Pikeman
44:19 Arson
65:38 Caravan
mxn
7:07 Feudal Age
11:03 Castle Age
9:29 Double-Bit Axe
9:43 Horse Collar
19:24 Wheelbarrow
19:09 Bow Saw
20:18 Stone Mining
20:20 Gold Mining
26:36 Imperial Age
25:29 Scale Barding Armor
25:36 Forging
25:49 Detinets
26:09 Loom
26:55 Chain Barding Armor
27:57 Iron Casting
28:00 Hand Cart
27:33 Town Watch
29:35 Town Patrol
30:33 Conscription
29:37 Elite Boyar
31:26 Plate Barding Armor
31:52 Blast Furnace
31:15 Heavy Plow
32:48 Bloodlines
32:40 Husbandry
32:01 Light Cavalry
34:36 Herbal Medicine
37:31 Masonry
38:58 Fletching
39:09 Scale Mail Armor
44:52 Pikeman
45:34 Squires
47:20 Chain Mail Armor
46:38 Halberdier
51:11 Plate Mail Armor
55:40 Druzhina
60:49 Redemption
60:48 Man-at-Arms
小7
8:10 Feudal Age
9:15 Loom
12:14 Castle Age
10:42 Double-Bit Axe
10:48 Horse Collar
13:17 Fletching
24:33 Imperial Age
28:37 Conscription
31:20 Forging
31:05 Bodkin Arrow
32:13 Bodkin Arrow
32:58 Iron Casting
34:40 Pikeman
35:20 Squires
41:49 Elite Conquistador
41:53 Capped Ram
50:21 Fortified Wall
50:25 Masonry
51:06 Town Watch
51:56 Wheelbarrow
52:49 Halberdier
53:16 Gambesons
53:35 Scale Mail Armor
56:51 Chain Mail Armor
58:10 Bloodlines
58:21 Caravan
60:47 Husbandry
60:08 Light Cavalry
63:58 Hand Cart
63:55 Bow Saw
63:38 Gold Mining
63:38 Stone Mining
64:56 Blast Furnace
64:04 Scale Barding Armor
66:30 Plate Mail Armor
changlee8
1:10 Loom
9:01 Feudal Age
9:43 Horse Collar
9:52 Double-Bit Axe
11:00 Town Watch
15:08 Castle Age
16:26 Gold Mining
16:28 Stone Mining
19:30 Wheelbarrow
20:11 Heavy Plow
20:22 Bow Saw
25:49 Imperial Age
23:56 Caravan
24:35 Husbandry
25:08 Fletching
25:30 Forging
25:42 Squires
25:27 Arson
27:38 Gold Shaft Mining
27:03 Bodkin Arrow
27:35 Bloodlines
28:04 Scale Mail Armor
29:04 Heavy Camel Rider
30:21 Town Patrol
30:28 Padded Archer Armor
32:42 Two-Man Saw
32:53 Hand Cart
35:47 Artillery
36:05 Scale Barding Armor
41:20 Hoardings
41:33 Hoardings
48:41 Murder Holes
62:16 Chain Mail Armor
64:20 Iron Casting
xoxodniw
9:35 Feudal Age
13:24 Castle Age
11:32 Double-Bit Axe
12:21 Horse Collar
12:35 Gold Mining
14:14 Wheelbarrow
14:52 Bow Saw
19:07 Heavy Plow
21:29 Gold Shaft Mining
21:26 Loom
21:35 Stone Mining
27:26 Imperial Age
25:46 Forging
26:36 Bloodlines
26:27 Husbandry
26:33 Scale Barding Armor
27:37 Chain Barding Armor
27:20 Husbandry
28:33 Iron Casting
28:21 Guilds
27:33 Cavalier
29:21 Plate Barding Armor
28:59 Paladin
31:05 Blast Furnace
32:35 Two-Man Saw
32:16 Hand Cart
32:16 Murder Holes
34:27 Chemistry
33:50 Town Watch
33:56 Fletching
35:55 Ballistics
35:33 Bodkin Arrow
37:45 Caravan
45:29 Masonry
48:43 Elite Skirmisher
49:25 Padded Archer Armor
49:32 Bracer
51:44 Leather Archer Armor
51:30 Scale Mail Armor
52:36 Chain Mail Armor
51:43 Pikeman
51:56 Light Cavalry
52:32 Halberdier
53:14 Squires
53:54 Arson
53:31 Man-at-Arms
56:13 Coinage
63:21 Hussar
65:04 Capped Ram
66:09 Siege Ram
TheGogoi
3:24 Loom
7:56 Feudal Age
6:28 Horse Collar
6:49 Double-Bit Axe
14:06 Castle Age
12:34 Bow Saw
18:20 Forging
19:19 Gold Mining
24:50 Scale Barding Armor
25:25 Wheelbarrow
26:05 Chain Barding Armor
26:09 Husbandry
25:30 Cavalier
27:20 Town Watch
28:48 Burgundian Vineyards
31:30 Imperial Age
29:17 Hand Cart
29:25 Hand Cart
29:21 Treadmill Crane
29:47 Siphons
30:41 Iron Casting
31:03 Masonry
31:27 Murder Holes
32:37 Conscription
33:25 Hoardings
32:17 Capped Ram
33:45 Gold Shaft Mining
33:01 Stone Mining
34:21 Plate Barding Armor
34:47 Blast Furnace
33:14 Light Cavalry
35:07 Architecture
35:30 Fletching
35:41 Scale Mail Armor
36:42 Blast Furnace
36:34 Stone Shaft Mining
37:04 Two-Man Saw
37:51 Chemistry
36:26 Hussar
42:01 Squires
41:21 Pikeman
43:39 Chain Mail Armor
42:46 Halberdier
46:56 Town Patrol
48:48 Caravan
48:59 Guilds
49:20 Coinage
52:52 Fortified Wall
54:56 Bombard Tower
54:34 Bodkin Arrow
55:22 Plate Mail Armor
66:00 Ballistics
Connection lost

Rejoining the realm…

Still unreachable

The connection could not be restored.

Session expired

The server has moved on; the page needs a fresh start.